TOP OF THE 1ST |
Grand Junction Rockies batting - Pitching for Kingsport Mets : LHP Pedro Botello
|
Pitching: LHP Pedro Botello
|
|
Batting: RHB Ivan Castaneda
|
0-0: Ball 1-0: Ball 2-0: Called Strike 2-1: Ball 3-1: Foul Ball, location: 2F 3-2: Base on Balls
|
Batting: SHB Rich McDonald
|
0-0: Called Strike Ivan Castaneda is caught stealing 2nd base 2-4 0-1: Ball 1-1: Called Strike 1-2: Ball 2-2: Strikes out swinging
|
Batting: RHB Justin Garrett
|
0-0: Ball 1-0: SOLO HOME RUN (Flyball, 78XD, EV 113.8 MPH), Distance : 415 ft
|
Batting: RHB Josh Lofgreen
|
0-0: Ball 1-0: Swinging Strike 1-1: SOLO HOME RUN (Flyball, 78XD, EV 101.2 MPH), Distance : 402 ft
|
Batting: RHB Carlos Manriquez
|
0-0: Ball 1-0: Ball 2-0: Ball 3-0: Called Strike 3-1: Base on Balls
|
Batting: RHB Joe Shade
|
0-0: Hit by Pitch Carlos Manriquez to second
|
Batting: RHB Edwin Bejarano
|
0-0: Foul Ball, location: 2F 0-1: Called Strike 0-2: Ball 1-2: Ball 2-2: Strikes out swinging
|
Top of the 1st over - 2 runs, 2 hits, 0 errors, 2 left on base; Grand Junction 2 - Kingsport 0 |
BOTTOM OF THE 1ST |
Kingsport Mets batting - Pitching for Grand Junction Rockies : RHP Jerry Dunne
|
Pitching: RHP Jerry Dunne
|
|
Batting: RHB Michael Youngberry
|
0-0: Called Strike 0-1: Ball 1-1: Foul Ball, location: 2F 1-2: Ball 2-2: Foul Ball, location: 2F 2-2: Ground out 4-3 (Groundball, 34, EV 104.4 MPH)
|
Batting: RHB Artyom Shavkunov
|
0-0: Called Strike 0-1: Swinging Strike 0-2: SINGLE (Groundball, 6D, EV 96.9 MPH)
|
Batting: RHB Sam Callahan
|
0-0: Ball Passed Ball! Artyom Shavkunov to second 1-0: Ball 2-0: Ball 3-0: Base on Balls
|
Batting: SHB Keith Casner
|
0-0: Called Strike 0-1: Foul Ball, location: 2F 0-2: Foul Ball, location: 2F 0-2: Ball 1-2: Foul Ball, location: 2F 1-2: 3-RUN HOME RUN (Flyball, 89XD, EV 108.1 MPH), Distance : 410 ft
|
Batting: RHB Bill Crogan
|
0-0: Foul Ball, location: 2F 0-1: Swinging Strike 0-2: Strikes out looking
|
Batting: RHB Enrique Aguirre
|
0-0: Ball 1-0: Swinging Strike 1-1: Ball 2-1: Ball 3-1: Base on Balls
|
Batting: RHB J.D. Brese
|
0-0: Called Strike 0-1: Ball 1-1: Ball 2-1: Ball 3-1: Base on Balls Enrique Aguirre to second
|
Batting: SHB Josh Thomson
|
0-0: Foul Ball, location: 2F 0-1: Ball 1-1: Called Strike 1-2: Ball Passed Ball! Enrique Aguirre to third J.D. Brese to second 2-2: Ball 3-2: Hit by Pitch
|
Batting: RHB Chris Graham
|
0-0: Ball 1-0: Ball Passed Ball! Enrique Aguirre scores J.D. Brese to third Josh Thomson to second 2-0: Called Strike 2-1: Swinging Strike 2-2: Ball Wild Pitch! J.D. Brese scores Josh Thomson to third 3-2: Base on Balls
|
Batting: RHB Michael Youngberry
|
0-0: Foul Ball, location: 2F 0-1: Foul Ball, location: 2F 0-2: Ball 1-2: SINGLE (Line Drive, 6M, EV 98.8 MPH) Josh Thomson scores Chris Graham to second Runner from 2nd tries for 3rd, OUT! 8-5
|
Bottom of the 1st over - 6 runs, 3 hits, 0 errors, 1 left on base; Grand Junction 2 - Kingsport 6 |
TOP OF THE 2ND |
Grand Junction Rockies batting - Pitching for Kingsport Mets : LHP Pedro Botello
|
Batting: SHB J.D. Newman
|
0-0: Swinging Strike 0-1: Ball 1-1: Fly out, F8 (Line Drive, 8RD, EV 107.5 MPH)
|
Batting: RHB Xavier Williams
|
0-0: Called Strike 0-1: Called Strike 0-2: Foul Ball, location: 2F 0-2: Strikes out swinging
|
Batting: RHB Ivan Castaneda
|
0-0: Ball 1-0: Ball 2-0: Ball 3-0: Base on Balls
|
Batting: SHB Rich McDonald
|
0-0: Ball 1-0: Ball 2-0: Called Strike 2-1: Ball 3-1: Called Strike 3-2: Ground out 4-3 (Groundball, 4M, EV 85.0 MPH)
|
Top of the 2nd over - 0 runs, 0 hits, 0 errors, 1 left on base; Grand Junction 2 - Kingsport 6 |
BOTTOM OF THE 2ND |
Kingsport Mets batting - Pitching for Grand Junction Rockies : RHP Jerry Dunne
|
Batting: RHB Artyom Shavkunov
|
0-0: Called Strike 0-1: Ball 1-1: DOUBLE (Line Drive, 7LM, EV 101.2 MPH)
|
Batting: RHB Sam Callahan
|
0-0: 2-RUN HOME RUN (Flyball, 7D, EV 100.6 MPH), Distance : 377 ft
|
Pitching: RHP Tom Gentry
|
|
Batting: SHB Keith Casner
|
0-0: Ball 1-0: Called Strike 1-1: Ball 2-1: Ball 3-1: Foul Ball, location: 2F 3-2: Base on Balls
|
Batting: RHB Bill Crogan
|
0-0: Ball 1-0: Ball 2-0: Ball 3-0: Base on Balls Keith Casner to second
|
Batting: RHB Enrique Aguirre
|
0-0: Ball 1-0: 3-RUN HOME RUN (Flyball, 7LD, EV 109.4 MPH), Distance : 407 ft
|
Batting: RHB J.D. Brese
|
0-0: Called Strike 0-1: SINGLE (Groundball, 6MD, EV 98.1 MPH)
|
Batting: SHB Josh Thomson
|
0-0: Ball Passed Ball! J.D. Brese to second 1-0: Ball 2-0: Called Strike 2-1: Ball 3-1: Foul Ball, location: 2F 3-2: SINGLE (Line Drive, 7LS, EV 95.6 MPH) J.D. Brese to third
|
Batting: RHB Chris Graham
|
0-0: Ball Wild Pitch! J.D. Brese scores Josh Thomson to second 1-0: Ball Wild Pitch! Josh Thomson to third 2-0: 2-RUN HOME RUN (Flyball, 78XD, EV 103.1 MPH), Distance : 419 ft
|
Pitching: RHP Mike Chiquete
|
|
Batting: RHB Michael Youngberry
|
0-0: Ball 1-0: Ball 2-0: Called Strike 2-1: Ball 3-1: Foul Ball, location: 2F 3-2: Foul Ball, location: 2F 3-2: Foul Ball, location: 2F 3-2: Foul Ball, location: 2F 3-2: Base on Balls
|
Batting: RHB Artyom Shavkunov
|
0-0: Ball 1-0: Ball Wild Pitch! Michael Youngberry to second 2-0: Ball 3-0: Base on Balls
|
Batting: RHB Sam Callahan
|
0-0: SINGLE (Groundball, 34D, EV 100.6 MPH) Michael Youngberry to third Artyom Shavkunov to second
|
Batting: SHB Keith Casner
|
0-0: Called Strike 0-1: Ball Wild Pitch! Michael Youngberry scores Artyom Shavkunov to third Sam Callahan to second 1-1: Foul Ball, location: 2F 1-2: Foul Ball, location: 2F 1-2: Ball Wild Pitch! Artyom Shavkunov scores Sam Callahan to third 2-2: 2-RUN HOME RUN (Flyball, 89XD, EV 115.0 MPH), Distance : 428 ft
|
Pitching: LHP Ernesto Galindo
|
|
Batting: RHB Bill Crogan
|
0-0: Swinging Strike 0-1: Ball 1-1: Foul Ball, location: 2F 1-2: Foul Ball, location: 2F 1-2: SOLO HOME RUN (Line Drive, 9D, EV 96.2 MPH), Distance : 373 ft
|
Batting: RHB Enrique Aguirre
|
0-0: Foul Ball, location: 2F 0-1: Called Strike 0-2: Ball 1-2: Ground out U3 (Groundball, 34S, EV 78.8 MPH)
|
Batting: RHB J.D. Brese
|
0-0: Ball 1-0: Ball 2-0: SINGLE (Groundball, 6D, EV 105.6 MPH)
|
Batting: SHB Josh Thomson
|
0-0: Ball Passed Ball! J.D. Brese to second 1-0: Ball Passed Ball! J.D. Brese to third 2-0: Ball Wild Pitch! J.D. Brese scores 3-0: Called Strike 3-1: Base on Balls
|
Batting: RHB Chris Graham
|
0-0: Fielders Choice at 2nd, 5-4 (Groundball, 56, EV 101.9 MPH)
|
Pitching: RHP Julio Marquez
|
|
Batting: RHB Michael Youngberry
|
0-0: Ball 1-0: Called Strike 1-1: Reached via error on a dropped throw from 2B, E3 (Groundball, 4, EV 89.4 MPH) Chris Graham to second
|
Batting: RHB Artyom Shavkunov
|
0-0: Ball Passed Ball! Chris Graham to third Michael Youngberry to second 1-0: Called Strike 1-1: Ball 2-1: Ball 3-1: Called Strike 3-2: Foul Ball, location: 2F 3-2: Foul Ball, location: 2F 3-2: Base on Balls
|
Batting: RHB Sam Callahan
|
0-0: Called Strike 0-1: Hit by Pitch Chris Graham scores Michael Youngberry to third Artyom Shavkunov to second
|
Batting: SHB Keith Casner
|
0-0: Ball 1-0: Called Strike 1-1: Foul Ball, location: 2F 1-2: DOUBLE (Flyball, 89XD, EV 105.0 MPH) Michael Youngberry scores Artyom Shavkunov scores Sam Callahan to third Runner from 3rd tries for Home, SAFE, throw by CF to trailing runner, SAFE at third!
|
Batting: RHB Bill Crogan
|
0-0: Ball 1-0: Called Strike 1-1: Foul Ball, location: 2F 1-2: Ball Passed Ball! Keith Casner scores 2-2: Ball 3-2: SINGLE (Groundball, 56D, EV 96.2 MPH)
|
Pitching: LHP Omar Samario
|
|
Batting: RHB Enrique Aguirre
|
0-0: 2-RUN HOME RUN (Flyball, 9D, EV 103.1 MPH), Distance : 376 ft
|
Batting: RHB J.D. Brese
|
0-0: Ball 1-0: Ball 2-0: Ball 3-0: Base on Balls
|
Batting: SHB Josh Thomson
|
0-0: Ball 1-0: Ball 2-0: Called Strike 2-1: Foul Ball, location: 2F 2-2: SINGLE (Groundball, 34S, EV 98.1 MPH) J.D. Brese to second Runner from 2nd tries for 3rd, SAFE, throw by RF made to third Josh Thomson to second
|
Batting: RHB Chris Graham
|
0-0: Ball Passed Ball! J.D. Brese scores Josh Thomson to third 1-0: Ball 2-0: Ball 3-0: Base on Balls
|
Batting: RHB Michael Youngberry
|
0-0: Called Strike 0-1: Ball 1-1: Foul Ball, location: 2F 1-2: Strikes out swinging
|
Bottom of the 2nd over - 22 runs, 14 hits, 1 error, 2 left on base; Grand Junction 2 - Kingsport 28 |
TOP OF THE 3RD |
Grand Junction Rockies batting - Pitching for Kingsport Mets : LHP Pedro Botello
|
Batting: RHB Justin Garrett
|
0-0: Called Strike 0-1: Foul Ball, location: 2F 0-2: Ball 1-2: Strikes out swinging
|
Batting: RHB Josh Lofgreen
|
0-0: Called Strike 0-1: Foul Ball, location: 2F 0-2: Ball 1-2: Ball 2-2: SINGLE (Groundball, 56D, EV 108.8 MPH)
|
Batting: RHB Carlos Manriquez
|
0-0: Called Strike 0-1: Swinging Strike 0-2: Ball Wild Pitch! Josh Lofgreen to second 1-2: Strikes out swinging
|
Batting: RHB Joe Shade
|
0-0: Swinging Strike 0-1: Called Strike 0-2: Strikes out swinging
|
Top of the 3rd over - 0 runs, 1 hit, 0 errors, 1 left on base; Grand Junction 2 - Kingsport 28 |
BOTTOM OF THE 3RD |
Kingsport Mets batting - Pitching for Grand Junction Rockies : LHP Omar Samario
|
Pitching: LHP Mike Pierce
|
|
Batting: RHB Artyom Shavkunov
|
0-0: Ball 1-0: Ground out 5-3 (Groundball, 5, EV 81.9 MPH)
|
Batting: RHB Sam Callahan
|
0-0: Ball 1-0: Ball 2-0: Ball 3-0: Called Strike 3-1: Swinging Strike 3-2: Fly out, F7 (Flyball, 78S, EV 95.0 MPH)
|
Batting: SHB Keith Casner
|
0-0: Called Strike 0-1: Ball 1-1: Foul Ball, location: 2F 1-2: Ground out 6-3 (Groundball, 6, EV 82.5 MPH)
|
Bottom of the 3rd over - 0 runs, 0 hits, 0 errors, 0 left on base; Grand Junction 2 - Kingsport 28 |
TOP OF THE 4TH |
Grand Junction Rockies batting - Pitching for Kingsport Mets : LHP Pedro Botello
|
Batting: RHB Edwin Bejarano
|
0-0: Fly out, F6 (Popup, 6M, EV 78.1 MPH)
|
Batting: SHB J.D. Newman
|
0-0: Called Strike 0-1: Called Strike 0-2: Ball 1-2: Foul Ball, location: 2F 1-2: Strikes out swinging, 2-3 out at first.
|
Batting: RHB Xavier Williams
|
0-0: Foul Ball, location: 2F 0-1: Ground out 1-3 (Groundball, 15S, EV 65.6 MPH)
|
Top of the 4th over - 0 runs, 0 hits, 0 errors, 0 left on base; Grand Junction 2 - Kingsport 28 |
BOTTOM OF THE 4TH |
Kingsport Mets batting - Pitching for Grand Junction Rockies : LHP Mike Pierce
|
Batting: RHB Bill Crogan
|
0-0: Foul Ball, location: 2F 0-1: Ball 1-1: Foul Ball, location: 2F 1-2: Ball 2-2: Fly out, F8 (Flyball, 8LD, EV 92.5 MPH)
|
Batting: RHB Enrique Aguirre
|
0-0: Called Strike 0-1: Swinging Strike 0-2: Strikes out looking
|
Batting: RHB J.D. Brese
|
0-0: Foul Ball, location: 2F 0-1: Ball 1-1: SINGLE (Groundball, 56S, EV 65.0 MPH) (infield hit)
|
Batting: SHB Josh Thomson
|
0-0: Foul Ball, location: 2F 0-1: Ball Passed Ball! J.D. Brese to second 1-1: Fly out, F7 (Flyball, 7, EV 88.8 MPH)
|
Bottom of the 4th over - 0 runs, 1 hit, 0 errors, 1 left on base; Grand Junction 2 - Kingsport 28 |
TOP OF THE 5TH |
Grand Junction Rockies batting - Pitching for Kingsport Mets : LHP Pedro Botello
|
Batting: RHB Ivan Castaneda
|
0-0: Called Strike 0-1: Foul Ball, location: 2F 0-2: Foul Ball, location: 2F 0-2: Ball 1-2: Ball 2-2: Ball 3-2: Base on Balls
|
Batting: SHB Rich McDonald
|
0-0: Ball Ivan Castaneda is caught stealing 2nd base 2-4 1-0: Foul Ball, location: 2F 1-1: Ball 2-1: Ground out 6-3 (Groundball, 6, EV 106.2 MPH)
|
Pitching: LHP Antonio Davila
|
|
Batting: RHB Justin Garrett
|
0-0: Ball 1-0: Ball 2-0: Ball 3-0: Called Strike 3-1: Called Strike 3-2: SOLO HOME RUN (Flyball, 78XD, EV 99.4 MPH), Distance : 417 ft
|
Batting: RHB Josh Lofgreen
|
0-0: Ball 1-0: Ball 2-0: Called Strike 2-1: Ball 3-1: Foul Ball, location: 2F 3-2: Strikes out looking
|
Top of the 5th over - 1 run, 1 hit, 0 errors, 0 left on base; Grand Junction 3 - Kingsport 28 |
BOTTOM OF THE 5TH |
Kingsport Mets batting - Pitching for Grand Junction Rockies : LHP Mike Pierce
|
Batting: RHB Chris Graham
|
0-0: Ball 1-0: Ball 2-0: Called Strike 2-1: Ball 3-1: Foul Ball, location: 2F 3-2: Ground out U3 (Groundball, 3S, EV 63.1 MPH)
|
Batting: RHB Michael Youngberry
|
0-0: Called Strike 0-1: Ball 1-1: SINGLE (Groundball, 4S, EV 71.2 MPH) (infield hit)
|
Batting: RHB Artyom Shavkunov
|
0-0: Ball Wild Pitch! Michael Youngberry to second 1-0: Ball 2-0: Fly out, F9 (Flyball, 9, EV 88.8 MPH)
|
Batting: RHB Sam Callahan
|
0-0: Ball 1-0: Ball Wild Pitch! Michael Youngberry to third 2-0: Called Strike 2-1: Ball 3-1: Swinging Strike Passed Ball! Michael Youngberry scores 3-2: Base on Balls
|
Batting: SHB Keith Casner
|
0-0: Ball 1-0: Reached on error, E4 (Groundball, 4, EV 85.6 MPH) Sam Callahan to second
|
Batting: RHB Bill Crogan
|
0-0: Foul Ball, location: 2F 0-1: Ball 1-1: Ball Wild Pitch! Sam Callahan to third Keith Casner to second 2-1: Ball Passed Ball! Sam Callahan scores Keith Casner to third 3-1: Base on Balls
|
Batting: RHB Enrique Aguirre
|
0-0: Ball Wild Pitch! Keith Casner scores Bill Crogan to second 1-0: Fly out, F3 (Popup, 3SF, EV 74.4 MPH)
|
Bottom of the 5th over - 3 runs, 1 hit, 1 error, 1 left on base; Grand Junction 3 - Kingsport 31 |
TOP OF THE 6TH |
Grand Junction Rockies batting - Pitching for Kingsport Mets : LHP Antonio Davila
|
Batting: RHB Carlos Manriquez
|
0-0: Called Strike 0-1: Fly out, F7 (Line Drive, 78M, EV 84.4 MPH)
|
Batting: RHB Joe Shade
|
0-0: Ball 1-0: Ball 2-0: Called Strike 2-1: Ball 3-1: Ground out 5-3 (Groundball, 56S, EV 84.4 MPH)
|
Batting: RHB Edwin Bejarano
|
0-0: Ball 1-0: Ball 2-0: Called Strike 2-1: Swinging Strike 2-2: Strikes out looking
|
Top of the 6th over - 0 runs, 0 hits, 0 errors, 0 left on base; Grand Junction 3 - Kingsport 31 |
BOTTOM OF THE 6TH |
Kingsport Mets batting - Pitching for Grand Junction Rockies : LHP Mike Pierce
|
Batting: RHB J.D. Brese
|
0-0: Called Strike 0-1: Ball 1-1: Foul Ball, location: 2F 1-2: SINGLE (Groundball, 6, EV 95.0 MPH)
|
Batting: SHB Josh Thomson
|
0-0: Hit by Pitch J.D. Brese to second
|
Batting: RHB Chris Graham
|
0-0: Ball 1-0: Ball 2-0: Called Strike 2-1: Foul Ball, location: 2F 2-2: Grounds into double play, 5-4-3 (Groundball, 5, EV 80.6 MPH) J.D. Brese to third
|
Batting: RHB Michael Youngberry
|
0-0: Ball 1-0: Foul Ball, location: 2F 1-1: DOUBLE (Line Drive, 7LD, EV 100.0 MPH) J.D. Brese scores
|
Batting: RHB Artyom Shavkunov
|
0-0: Swinging Strike 0-1: Fly out, F8 (Line Drive, 89M, EV 92.5 MPH)
|
Bottom of the 6th over - 1 run, 2 hits, 0 errors, 1 left on base; Grand Junction 3 - Kingsport 32 |
TOP OF THE 7TH |
Grand Junction Rockies batting - Pitching for Kingsport Mets : LHP Antonio Davila
|
Batting: SHB J.D. Newman
|
0-0: Foul Ball, location: 2F 0-1: Ball 1-1: Fly out, F6 (Popup, P, EV 80.6 MPH)
|
Batting: RHB Xavier Williams
|
0-0: Swinging Strike 0-1: Ground out 4-3 (Groundball, 4M, EV 78.8 MPH)
|
Batting: RHB Ivan Castaneda
|
0-0: Ball 1-0: Foul Ball, location: 2F 1-1: Called Strike 1-2: Ball 2-2: Strikes out looking
|
Top of the 7th over - 0 runs, 0 hits, 0 errors, 0 left on base; Grand Junction 3 - Kingsport 32 |
BOTTOM OF THE 7TH |
Kingsport Mets batting - Pitching for Grand Junction Rockies : LHP Mike Pierce
|
Batting: RHB Sam Callahan
|
0-0: Ball 1-0: Foul Ball, location: 2F 1-1: Ball 2-1: Swinging Strike 2-2: SOLO HOME RUN (Flyball, 7D, EV 95.0 MPH), Distance : 382 ft
|
Batting: SHB Keith Casner
|
0-0: Called Strike 0-1: Foul Ball, location: 2F 0-2: Ball 1-2: Ball 2-2: Foul Ball, location: 2F 2-2: Fly out, F8 (Flyball, 8LD, EV 92.5 MPH)
|
Pinch Hitting: RHB Coltin Nellis
|
0-0: Ball 1-0: Foul Ball, location: 2F 1-1: Foul Ball, location: 2F 1-2: Ball 2-2: Foul Ball, location: 2F 2-2: Ball 3-2: Ground out 5-3 (Groundball, 5, EV 101.2 MPH)
|
Pinch Hitting: LHB Matt Baker
|
0-0: Called Strike 0-1: Ball 1-1: Ground out U3 (Groundball, 34S, EV 85.6 MPH)
|
Bottom of the 7th over - 1 run, 1 hit, 0 errors, 0 left on base; Grand Junction 3 - Kingsport 33 |
TOP OF THE 8TH |
Grand Junction Rockies batting - Pitching for Kingsport Mets : LHP Antonio Davila
|
Now in LF: Matt Baker
|
|
Now in CF: Michael Youngberry
|
|
Now in RF: Coltin Nellis
|
|
Batting: SHB Rich McDonald
|
0-0: Swinging Strike 0-1: Foul Ball, location: 2F 0-2: Ball 1-2: Strikes out swinging
|
Batting: RHB Justin Garrett
|
0-0: Called Strike 0-1: SINGLE (Groundball, 56D, EV 103.8 MPH)
|
Batting: RHB Josh Lofgreen
|
0-0: SINGLE (Groundball, 34D, EV 101.2 MPH) Justin Garrett to second
|
Pitching: LHP Tony Diaz
|
|
Batting: RHB Carlos Manriquez
|
0-0: Ball 1-0: Ball 2-0: Foul Ball, location: 2F 2-1: Foul Ball, location: 2F 2-2: Strikes out looking
|
Batting: RHB Joe Shade
|
0-0: SINGLE (Groundball, 6MD, EV 100.6 MPH) Justin Garrett to third Josh Lofgreen to second Runner from 3rd tries for Home, SAFE, throw by CF to home
|
Batting: RHB Edwin Bejarano
|
0-0: Called Strike 0-1: SINGLE (Groundball, 5S, EV 62.5 MPH) (infield hit) Josh Lofgreen to third Joe Shade to second
|
Batting: SHB J.D. Newman
|
0-0: Ball 1-0: Ball 2-0: Foul Ball, location: 2F 2-1: SINGLE (Groundball, 56D, EV 96.2 MPH) (infield hit) Josh Lofgreen scores Joe Shade to third Edwin Bejarano to second
|
Batting: RHB Xavier Williams
|
0-0: Foul Ball, location: 2F 0-1: Called Strike 0-2: Ball 1-2: Ball 2-2: Strikes out swinging
|
Top of the 8th over - 2 runs, 5 hits, 0 errors, 3 left on base; Grand Junction 5 - Kingsport 33 |
BOTTOM OF THE 8TH |
Kingsport Mets batting - Pitching for Grand Junction Rockies : LHP Mike Pierce
|
Batting: RHB J.D. Brese
|
0-0: Fly out, F8 (Flyball, 8LD, EV 81.2 MPH)
|
Batting: SHB Josh Thomson
|
0-0: Ball 1-0: Swinging Strike 1-1: Swinging Strike 1-2: Ball 2-2: Ball 3-2: Strikes out swinging
|
Pinch Hitting: LHB Jason Jones
|
0-0: Called Strike 0-1: DOUBLE (Line Drive, 89XD, EV 108.8 MPH) - OUT at third base trying to stretch hit.
|
Bottom of the 8th over - 0 runs, 1 hit, 0 errors, 0 left on base; Grand Junction 5 - Kingsport 33 |
TOP OF THE 9TH |
Grand Junction Rockies batting - Pitching for Kingsport Mets : LHP Tony Diaz
|
Now at 2B: Jason Jones
|
|
Batting: RHB Ivan Castaneda
|
0-0: Ball 1-0: Ball 2-0: Ground out 5-3 (Groundball, 56, EV 98.8 MPH)
|
Batting: SHB Rich McDonald
|
0-0: Ball 1-0: Foul Ball, location: 2F 1-1: Foul Ball, location: 2F 1-2: Strikes out swinging, 2-3 out at first.
|
Batting: RHB Justin Garrett
|
0-0: Called Strike 0-1: Ball 1-1: Swinging Strike 1-2: Ball 2-2: Ball 3-2: Base on Balls
|
Batting: RHB Josh Lofgreen
|
0-0: Foul Ball, location: 2F 0-1: Called Strike 0-2: Ball 1-2: Strikes out swinging
|
Top of the 9th over - 0 runs, 0 hits, 0 errors, 1 left on base; Grand Junction 5 - Kingsport 33 |
|